General information
- name: BNet
- type: Ladder team game (AT/RT)
- host: Battle.net
- saver: kekekehehe
map: Cherryville
- players: 8
- length: 18:27
- speed: Fast
- version: 1.24 W3XP
- replay type: Public
» download(139 KB)
Players
team 1 (winner)
Guimazors (
yellow | 40 APM | 729 actions | 18:27)
5 Warden
3 Shadow Strike
1 Blink
1 Fan of Knives
3 Priestess of the Moon
2 Trueshot Aura
1 Searing Arrows
» actions
| Assign group hotkey | 13 | |
| Build / train | 58 | |
| Enter build submenu | 21 | |
| Enter hero's abilities submenu | 9 | |
| Give item / drop item | 1 | |
| Right click | 203 | |
| Select / deselect | 235 | |
| Select group hotkey | 117 | |
| Use ability | 72 | |
729 total
» units
| Wisp | 24 | |
| Huntress | 5 | |
| Mountain Giant | 8 | |
| Dryad | 1 | |
38 total
» upgrades
| Abolish Magic | 1 | |
| Strength of the Wild | 1 | |
| Reinforced Hides | 1 | |
| Resistant Skin | 1 | |
| Hardened Skin | 1 | |
5 total
» buildings
| Altar of Elders | 1 | |
| Moon Well | 8 | |
| Ancient of War | 2 | |
| Hunter's Hall | 1 | |
| Tree of Ages | 1 | |
| Ancient Protector | 5 | |
| Ancient of Wonders | 1 | |
| Ancient of Lore | 2 | |
| Tree of Life | 1 | |
| Tree of Eternity | 1 | |
23 total
» build order
00:10 Altar of Elders
00:16 Moon Well
01:38 Ancient of War
01:41 Moon Well
02:00 Hunter's Hall
02:37 Ancient of War
04:15 Tree of Ages
04:33 Moon Well
04:56 Ancient Protector
05:42 Moon Well
06:18 Ancient of Wonders
06:50 Ancient of Lore
06:53 Ancient of Lore
07:29 Moon Well
08:57 Tree of Life
13:54 Moon Well
13:57 Tree of Eternity
14:15 Moon Well
14:45 Ancient Protector
15:10 Moon Well
15:17 Ancient Protector
15:23 Ancient Protector
15:54 Ancient Protector
» items
| Potion of Healing | 1 | |
| Scroll of Town Portal | 1 | |
| Periapt of Vitality | 1 | |
3 total
kekekehehe (
blue | 87 APM | 1604 actions | 18:27)
6 Blademaster
3 Wind Walk
2 Critical Strike
1 Bladestorm
4 Shadow Hunter
2 Hex
2 Healing Wave
» actions
| Assign group hotkey | 20 | |
| Basic commands | 28 | |
| Build / train | 63 | |
| Enter build submenu | 22 | |
| Enter hero's abilities submenu | 10 | |
| Give item / drop item | 2 | |
| Right click | 591 | |
| Select / deselect | 539 | |
| Select group hotkey | 240 | |
| Use ability | 89 | |
1604 total
» units
» upgrades
| Ranged Weapons | 3 | |
| Envenomed Spears | 1 | |
| Reinforced Defenses | 1 | |
| Armor | 2 | |
| Ensnare | 1 | |
| Liquid Fire | 1 | |
| War Drums Damage Increase | 1 | |
| Pillage | 1 | |
| Backpack | 1 | |
| Spiked Barricades | 1 | |
13 total
» buildings
| Altar of Storms | 1 | |
| Orc Burrow | 6 | |
| Voodoo Lounge | 1 | |
| War Mill | 1 | |
| Stronghold | 2 | |
| Watch Tower | 4 | |
| Beastiary | 2 | |
| Great Hall | 2 | |
| Fortress | 1 | |
20 total
» build order
00:05 Altar of Storms
00:18 Orc Burrow
00:48 Voodoo Lounge
01:31 War Mill
02:15 Stronghold
02:15 Stronghold
02:46 Watch Tower
02:50 Watch Tower
03:43 Watch Tower
03:46 Orc Burrow
04:38 Beastiary
06:13 Great Hall
06:25 Great Hall
06:31 Orc Burrow
07:35 Fortress
08:02 Beastiary
08:06 Orc Burrow
10:10 Watch Tower
12:48 Orc Burrow
14:05 Orc Burrow
» items
| Healing Salve | 5 | |
| Boots of Speed | 1 | |
| Lesser Clarity Potion | 5 | |
| Staff of Teleportation | 1 | |
12 total
kkgo (
purple | 55 APM | 1009 actions | 18:27)
4 Archmage
2 Summon Water Elemental
2 Brilliance Aura
2 Blood Mage
1 Flame Strike
1 Banish
» actions
| Assign group hotkey | 1 | |
| Build / train | 69 | |
| Enter build submenu | 24 | |
| Enter hero's abilities submenu | 6 | |
| Give item / drop item | 3 | |
| Remove unit from queue | 2 | |
| Right click | 547 | |
| Select / deselect | 292 | |
| Select group hotkey | 8 | |
| Use ability | 57 | |
1009 total
» units
| Peasant | 8 | |
| Footman | 5 | |
| Flying Machine | 30 | |
43 total
» upgrades
| Lumber Harvesting | 1 | |
| Fragmentation Shards | 0 | |
| Flak Cannons | 1 | |
| Flying Machine Bombs | 1 | |
| Gunpowder | 2 | |
5 total
» buildings
| Altar of Kings | 1 | |
| Farm | 11 | |
| Barracks | 1 | |
| Keep | 1 | |
| Arcane Vault | 1 | |
| Blacksmith | 1 | |
| Lumber Mill | 1 | |
| Workshop | 2 | |
| Castle | 1 | |
20 total
» build order
00:09 Altar of Kings
00:44 Farm
01:17 Barracks
01:34 Farm
02:19 Farm
02:36 Keep
03:05 Arcane Vault
03:48 Farm
04:08 Blacksmith
04:15 Lumber Mill
05:22 Workshop
05:49 Castle
06:00 Workshop
06:52 Farm
07:30 Farm
10:02 Farm
12:12 Farm
14:01 Farm
14:04 Farm
18:05 Farm
» items
| Scroll of Regeneration | 2 | |
| Lesser Clarity Potion | 3 | |
5 total
LOLadin (
green | 135 APM | 2493 actions | 18:27)
4 Paladin
1 Holy Light
2 Devotion Aura
1 Divine Shield
3 Archmage
2 Summon Water Elemental
1 Brilliance Aura
2 Mountain King
1 Storm Bolt
1 Bash
» actions
| Assign group hotkey | 35 | |
| Basic commands | 161 | |
| Build / train | 89 | |
| ESC pressed | 2 | |
| Enter build submenu | 21 | |
| Enter hero's abilities submenu | 9 | |
| Give item / drop item | 4 | |
| Remove unit from queue | 1 | |
| Right click | 384 | |
| Select / deselect | 289 | |
| Select group hotkey | 1414 | |
| Use ability | 83 | |
2493 total
» units
| Peasant | 25 | |
| Footman | 7 | |
| Rifleman | 13 | |
| Goblin Shredder | 4 | |
49 total
» upgrades
| Long Rifles | 1 | |
| Gunpowder | 2 | |
| Armor | 2 | |
5 total
» buildings
| Altar of Kings | 1 | |
| Barracks | 4 | |
| Farm | 11 | |
| Scout Tower | 4 | |
| Arcane Tower | 3 | |
| Town Hall | 3 | |
| Arcane Vault | 1 | |
| Keep | 2 | |
| Blacksmith | 1 | |
| Lumber Mill | 1 | |
| Castle | 1 | |
32 total
» build order
00:06 Altar of Kings
00:21 Barracks
00:35 Farm
00:54 Farm
01:32 Farm
01:43 Scout Tower
02:12 Arcane Tower
03:20 Town Hall
03:32 Arcane Vault
04:05 Scout Tower
04:21 Scout Tower
04:34 Arcane Tower
04:37 Town Hall
05:36 Keep
05:36 Keep
05:54 Blacksmith
05:58 Barracks
05:59 Barracks
06:14 Barracks
06:24 Farm
06:24 Farm
06:29 Lumber Mill
07:51 Farm
08:12 Farm
08:13 Farm
08:14 Farm
08:14 Farm
08:14 Farm
08:48 Scout Tower
09:11 Castle
09:39 Arcane Tower
11:03 Town Hall
» items
| Scroll of Regeneration | 3 | |
| Scroll of Town Portal | 2 | |
| Scroll of Protection | 1 | |
| Staff of Sanctuary | 1 | |
7 total
team 2 (loser)

»
Shagmeister (
red | 47 APM | 871 actions | 18:26)
3 Tauren Chieftain
1 War Stomp
2 Endurance Aura
1 Shadow Hunter
1 Healing Wave
1 Blademaster
1 Critical Strike
» actions
| Assign group hotkey | 43 | |
| Basic commands | 56 | |
| Build / train | 93 | |
| Enter build submenu | 33 | |
| Enter hero's abilities submenu | 5 | |
| Right click | 159 | |
| Select / deselect | 241 | |
| Select group hotkey | 170 | |
| Use ability | 71 | |
871 total
» units
| Peon | 26 | |
| Troll Headhunter/Berserker | 21 | |
| Peasant | 4 | |
| Wind Rider | 4 | |
| Rifleman | 2 | |
| Shaman | 3 | |
60 total
» upgrades
| Spiked Barricades | 1 | |
| Armor | 2 | |
| Ranged Weapons | 1 | |
| Troll Regeneration | 1 | |
| Long Rifles | 1 | |
| Berserker Upgrade | 1 | |
| Shaman Training | 2 | |
| Envenomed Spears | 1 | |
| Pulverize | 1 | |
11 total
» buildings
| War Mill | 1 | |
| Altar of Storms | 1 | |
| Orc Burrow | 8 | |
| Barracks | 1 | |
| Voodoo Lounge | 2 | |
| Great Hall | 2 | |
| Watch Tower | 10 | |
| Stronghold | 1 | |
| Fortress | 1 | |
| Beastiary | 1 | |
| Spirit Lodge | 1 | |
| Tauren Totem | 1 | |
30 total
» build order
00:20 War Mill
00:35 Altar of Storms
00:50 Orc Burrow
01:06 Barracks
01:52 Orc Burrow
02:33 Voodoo Lounge
04:48 Orc Burrow
05:20 Great Hall
05:41 Watch Tower
06:04 Watch Tower
06:16 Watch Tower
06:29 Watch Tower
07:21 Stronghold
08:23 Watch Tower
08:24 Watch Tower
10:03 Fortress
11:04 Beastiary
11:42 Spirit Lodge
11:51 Voodoo Lounge
11:57 Orc Burrow
14:42 Tauren Totem
14:49 Orc Burrow
14:53 Orc Burrow
14:58 Orc Burrow
15:04 Orc Burrow
16:05 Great Hall
16:13 Watch Tower
16:25 Watch Tower
17:17 Watch Tower
17:24 Watch Tower
» items
| Lesser Clarity Potion | 3 | |
| Healing Salve | 2 | |
| Scroll of Town Portal | 2 | |
| Potion of Healing | 1 | |
| Scroll of Speed | 1 | |
| Orb of Lightning | 3 | |
12 total
Dr.AniK. (
orange | 120 APM | 1712 actions | 14:13)
3 Blademaster
2 Wind Walk
1 Critical Strike
2 Shadow Hunter
1 Hex
1 Healing Wave
» actions
| Assign group hotkey | 20 | |
| Basic commands | 9 | |
| Build / train | 71 | |
| Enter build submenu | 12 | |
| Enter hero's abilities submenu | 5 | |
| Give item / drop item | 3 | |
| Right click | 931 | |
| Select / deselect | 265 | |
| Select group hotkey | 307 | |
| Use ability | 89 | |
1712 total
» units
| Peon | 14 | |
| Grunt | 9 | |
| Raider | 8 | |
| Spirit Walker | 4 | |
35 total
» upgrades
| Berserker Strength | 1 | |
| Pillage | 1 | |
| Ensnare | 1 | |
| Spirit Walker Training | 1 | |
| Armor | 1 | |
5 total
» buildings
| Altar of Storms | 1 | |
| Orc Burrow | 4 | |
| Barracks | 1 | |
| Voodoo Lounge | 2 | |
| Stronghold | 1 | |
| Beastiary | 1 | |
| Spirit Lodge | 1 | |
| War Mill | 1 | |
| Fortress | 1 | |
13 total
» build order
00:11 Altar of Storms
00:20 Orc Burrow
00:36 Barracks
01:29 Orc Burrow
01:55 Voodoo Lounge
02:01 Voodoo Lounge
03:09 Stronghold
04:34 Orc Burrow
04:36 Orc Burrow
05:35 Beastiary
06:22 Spirit Lodge
08:00 War Mill
10:23 Fortress
» items
| Healing Salve | 5 | |
| Lesser Clarity Potion | 4 | |
| Scroll of Speed | 2 | |
| Boots of Speed | 1 | |
| Scroll of Town Portal | 3 | |
15 total
General-Dani (
pink | 51 APM | 830 actions | 16:11)
4 Dreadlord
2 Vampiric Aura
2 Carrion Swarm
2 Lich
1 Frost Nova
1 Dark Ritual
» actions
| Assign group hotkey | 24 | |
| Basic commands | 9 | |
| Build / train | 52 | |
| Enter build submenu | 14 | |
| Enter hero's abilities submenu | 7 | |
| Give item / drop item | 1 | |
| Right click | 306 | |
| Select / deselect | 202 | |
| Select group hotkey | 159 | |
| Use ability | 56 | |
830 total
» units
| Acolyte | 6 | |
| Ghoul | 9 | |
| Abomination | 7 | |
| Meatwagon | 1 | |
23 total
» upgrades
| Cannibalize | 1 | |
| Unholy Strength | 2 | |
| Unholy Armor | 2 | |
| Disease Cloud | 1 | |
6 total
» buildings
| Altar of Darkness | 1 | |
| Ziggurat | 6 | |
| Crypt | 1 | |
| Tomb of Relics | 1 | |
| Graveyard | 1 | |
| Nerubian Tower | 1 | |
| Halls of the Dead | 1 | |
| Slaughterhouse | 2 | |
| Black Citadel | 1 | |
| Sacrificial Pit | 1 | |
| Spirit Tower | 1 | |
17 total
» build order
00:11 Altar of Darkness
00:12 Ziggurat
00:44 Crypt
01:06 Tomb of Relics
01:21 Graveyard
01:29 Nerubian Tower
02:38 Ziggurat
03:33 Ziggurat
04:36 Halls of the Dead
05:32 Ziggurat
07:27 Slaughterhouse
07:29 Slaughterhouse
09:22 Black Citadel
11:50 Sacrificial Pit
11:52 Ziggurat
11:53 Ziggurat
14:03 Spirit Tower
» items
| Rod of Necromancy | 2 | |
| Potion of Healing | 5 | |
| Potion of Mana | 2 | |
| Scroll of Town Portal | 2 | |
11 total
BAETIMEO (
teal | 22 APM | 235 actions | 10:52)
2 Archmage
1 Blizzard
1 Summon Water Elemental
» actions
| Build / train | 23 | |
| Enter build submenu | 11 | |
| Enter hero's abilities submenu | 2 | |
| Right click | 107 | |
| Select / deselect | 76 | |
| Use ability | 16 | |
235 total
» units
» upgrades
» buildings
| Farm | 4 | |
| Altar of Kings | 1 | |
| Lumber Mill | 1 | |
| Barracks | 1 | |
| Blacksmith | 1 | |
| Keep | 1 | |
| Town Hall | 1 | |
10 total
» build order
00:08 Farm
00:14 Altar of Kings
00:57 Lumber Mill
01:39 Barracks
02:28 Farm
02:36 Farm
02:47 Farm
04:20 Blacksmith
05:12 Keep
06:21 Town Hall
Chat log
(00:17 / All) LOLadin: General-Dani likes gaysex
(00:21 / Allies) kkgo: mass copters
(00:27 / Allies) kekekehehe: LOL
(00:30 / All) Shagmeister: why?
(00:36 / All) kekekehehe: cus he fat
(00:49 / All) LOLadin: he is a dumb, trash frenchman. OF course he is gay
(00:57 / All) Shagmeister: makes sense
(03:23 / Allies) kekekehehe: shag meister
(03:24 / Allies) kekekehehe: goin down
(05:13 / Allies) kekekehehe: purple can i get +6?
(05:22 / Allies) kkgo: huh
(05:25 / Allies) kekekehehe: claws
(05:27 / Allies) kekekehehe: good for bm
(05:40 / Allies) kekekehehe: ty
(05:44 / Allies) kkgo: back there
(05:46 / Allies) kekekehehe: yy
(07:39 / Allies) kkgo: lol
(08:12 / Allies) kkgo: go
(08:23 / Allies) kekekehehe: sec
(08:52 / Allies) LOLadin: ty
(09:00 / Allies) Guimazors: sure
(09:01 / Allies) Guimazors: ยด
(09:36 / Allies) Guimazors: wood pls
(11:14 / Allies) Guimazors: omw
(11:18 / Allies) Guimazors: go
(11:23 / All) kkgo: SHIT
(11:36 / Allies) LOLadin: b
(11:42 / Allies) Guimazors: gather
(11:43 / Allies) LOLadin: back
(11:44 / Allies) LOLadin: yellow
(11:45 / Allies) LOLadin: back
(11:45 / Allies) LOLadin: back
(11:46 / Allies) LOLadin: back
(11:49 / Allies) LOLadin: or we lose
(12:36 / Allies) Guimazors: throne
(12:56 / All) kkgo: abombs
(12:59 / All) kkgo: lol
(13:06 / All) LOLadin: the gay
(13:13 / All) kekekehehe: the gay is noob
(13:35 / All) LOLadin: frenchmen always lose
(15:19 / All) LOLadin: hello my gay general
(15:28 / Allies) kkgo: GOLD ME
(15:29 / All) General-Dani: come alone you fucker
(16:00 / All) LOLadin: sad
(16:37 / All) kekekehehe: mass wyvs
(16:39 / All) kekekehehe: wins
(16:42 / All) kekekehehe: u noobs
(16:50 / Allies) kkgo: copters<3
(17:01 / All) LOLadin: you are a shame. I brought 4 peasants in front, they are all alive
(17:02 / Allies) kkgo: ooooooo
(17:28 / All) kekekehehe: gj shagmeister
(17:32 / All) kekekehehe: u really own
(17:44 / All) kekekehehe: more tower
(18:07 / All) LOLadin: if you kill my peasants, I will get angry
(18:12 / All) LOLadin: you murderer!